Description

Double pronged attack meant to cripple toss. Can follow up with 5 rax or 3rd CC. Shoutout to Wobulator for hooking me up with this build.

Replay - Catalyst_LE_79

Build Order

Get SALT Encoding   

  12  0:01  SCV  
  13  0:13  SCV  
  14  0:18  Supply Depot  
  14  0:25  SCV  
  15  0:39  SCV  
  16  0:44  Barracks  
  16  0:51  SCV  
  16  0:56  Refinery  
  17  1:03  SCV  
  18  1:16  SCV  
  19  1:28  SCV  
  20  1:35  Marine  
  21  1:41  Orbital Command  
  21  1:50  Command Center  
  21  2:01  Factory  
  21  2:07  SCV  
  22  2:13  Supply Depot  
  22  2:16  Barracks Reactor  
  22  2:19  SCV  
  23  2:36  Refinery  
  24  2:45  Hellion  
  27  2:53  Marine x2  
  27  2:55  Starport  
  29  3:02  Orbital Command  
  30  3:06  Hellion  
  30  3:12  Marine x2  
  34  3:28  Hellion  
  34  3:30  Marine x2  
  39  3:36  Supply Depot  
  39  3:40  Medivac  
  44  3:50  Marine x2  
  46  3:58  Hellion  
  46  4:01  Supply Depot  
  49  4:06  Barracks  
  49  4:09  Marine  
  52  4:30  Factory Reactor  
  54  4:31  Starport Reactor  
  54  4:33  Command Center  
  56  4:44  Supply Depot  
  59  5:36  Barracks Tech Lab  
  59  5:37  Widow Mine x2  
  68  5:55  Engineering Bay x2  
  70  5:58  Barracks x2  
Spawning Tool Build Advisor. Get it on Overwolf

Analysis

Hide hellions so that toss doesn't know about it. Drop is sacrificial, meant to draw out stalkers/adepts to main while hellions roast probes. Meanwhile you'll be getting a third or extra rax which should either get you ahead or set you up to do additional damage.

Go to:

Details

  • Created by: WangGang
  • Published on: Apr 23, 2018
  • Modified on: Apr 23, 2018
  • Patch: 4.0.0
Show
View Real Time Build Order
Export as new Build Order

Comments (0)

There are no comments. Be the first!

Create an account to comment!